 Dungeon Crawl Stone Soup version 0.30-a0-777-ga9a30cbeda (webtiles) character file.

Game seed: 7125831981586570920

441 qeuew the Shield-Bearer (level 7, -1/55 HPs)
             Began as a Formicid Fighter on Feb 14, 2023.
             Slain by Duvessa
             ... wielding a +4 short sword of flaming
              (7 damage)
             ... on level 4 of the Dungeon.
             The game lasted 00:03:53 (2555 turns).

qeuew the Shield-Bearer (Formicid Fighter)          Turns: 2555, Time: 00:03:54

Health: -1/55      AC:  9    Str: 22    XL:     7   Next: 22%
Magic:  7/7        EV: 11    Int:  8    God:
Gold:   237        SH:  0    Dex: 13    Spells: 6/6 levels left

rFire   . . .      SeeInvis +    a - +0 trident
rCold   . . .      Faith    .    c - +0 buckler
rNeg    . . .      Spirit   .    h - +1 ring mail {rPois}
rPois   +          Reflect  .    (helmet unavailable)
rElec   .          Harm     .    (no cloak)
rCorr   .          Rampage  .    (no gloves)
Will    .....                    (no boots) Stlth
                                 (no amulet)
HPRegen 0.29/turn                (no ring)
MPRegen 0.10/turn                (no ring)

@: confused, ambrosia-drunk
A: permanent stasis, dig shafts and tunnels, antennae 3, four strong arms,
iridescent scales 1
a: Dig, Shaft Self


You were on level 4 of the Dungeon.
You visited 1 branch of the dungeon, and saw 4 of its levels.

You collected 237 gold pieces.

Inventory:

Hand Weapons
 a - a +0 trident (weapon)
Armour
 c - a +0 buckler (worn)
 h - a +1 ring mail of poison resistance (worn)
Scrolls
 e - a scroll of identify
 g - a scroll of poison {unknown}
Potions
 d - a potion of flight
 i - a potion of curing


   Skills:
 + Level 4.4 Fighting
 + Level 3.4 Polearms
 * Level 5.5 Armour
 + Level 2.2 Dodging
 + Level 5.5 Shields


You had 6 spell levels left.
You didn't know any spells.
Your spell library contained the following spells:

 Spells                   Type           Power      Damage    Failure   Level
 Call Canine Familiar     Summ           0%         N/A       94%         3
 Portal Projectile        Hex/Tloc       0%         N/A       94%         3
 Leda's Liquefaction      Hex/Erth       0%         N/A       100%        4
 Borgnjor's Revivificati  Necr           0%         N/A       100%        8
 Necromutation            Tmut/Necr      0%         N/A       100%        8
 Death's Door             Necr           0%         N/A       100%        9


Dungeon Overview and Level Annotations

Branches:
Dungeon (4/15)
 Temple: D:4-7

Altars:
Dithmenos
Makhleb

Shops:
D:3 (

Annotations:
D:4 Duvessa


Innate Abilities, Weirdness & Mutations

You cannot be hasted, slowed, berserked, paralysed or teleported.
You can dig through walls and to a lower floor.
You have a pair of large antennae on your head. (SInv)
Your four strong arms can wield two-handed weapons with a shield.
You are partially covered in iridescent scales. (AC +2)


Message History

Duvessa is lightly wounded.
Duvessa hits you with a +4 short sword of flaming.
Duvessa burns you. The goblin closely misses you.
You puncture Duvessa!
Duvessa is moderately wounded.
Duvessa hits you with a +4 short sword of flaming!
Duvessa burns you. You block Duvessa's attack. The goblin closely misses you.
Throw: throwing net
Press: ? - help, Q - select action, (/) - cycle Shift-Dir - straight line, f - Duvessa
Aim: Duvessa, wielding a +4 short sword of flaming and wearing a +0 ring mail (moderately wounded, berserk, 67% to hit)
You throw a throwing net. The throwing net hits Duvessa.
Duvessa is caught in the net!
Duvessa is moderately wounded.
Duvessa struggles against the net.
The goblin hits you but does no damage.
You puncture Duvessa!
Duvessa is moderately wounded.
Duvessa struggles against the net. x2
The net rips apart, and Duvessa comes free!
The goblin barely misses you.
You hit Duvessa.
Duvessa is moderately wounded.
Duvessa barely misses you. The goblin hits you but does no damage.
Duvessa misses you.
You barely miss Duvessa.
Duvessa is moderately wounded.
Duvessa hits you with a +4 short sword of flaming.
* * * LOW HITPOINT WARNING * * *
Duvessa burns you.
* * * LOW HITPOINT WARNING * * *
The goblin hits you but does no damage.
Duvessa hits you with a +4 short sword of flaming!
* * * LOW HITPOINT WARNING * * *
Duvessa burns you.
* * * LOW HITPOINT WARNING * * *
Okay, then.
It was a potion of ambrosia.
You are confused.
You feel invigorated. The goblin barely misses you.
Duvessa hits you with a +4 short sword of flaming!
You die...

≈.....#.......##.#
....#.#.......##.######
.###..#.......##.<....#
## ##.#.......##.####.#
.###..#.#####.##....#.#
#.#....># #.##.##.#.#
......### #.......#.#
##..##### ######'...#
#......# #)@.#.###
#?.##.##
#e#g#.#############
#.....###
...#.#.#............
##......#
#...##.#.........#####
#.###..# #?#.
?.###...##..#####
#......#...#. ##.
#<.........##
#####..+#####
.#....†#..##...
#.##.##.#
.#....##..#####
#.##.##.#
#.............


You could see Duvessa (berserk) and a goblin.

Vanquished Creatures
  Sigmund (D:3)
  Dowan (D:4)
  A hound (D:4)
  Natasha (twice) (D:3)
  An orc wizard (D:3)
  5 adders
  4 worms
  2 dart slugs
  3 orcs (D:3)
  10 endoplasms
  A giant cockroach (D:2)
  4 hobgoblins
  2 jackals (D:1)
  5 quokkas
  6 ball pythons
  8 bats
  4 frilled lizards
  8 goblins
  7 rats
75 creatures vanquished.

Notes
Turn   | Place    | Note
-------+----------+-------------------------------------------
     0 | D:1      | qeuew the Formicid Fighter began the quest for the Orb.
     0 | D:1      | Reached XP level 1. HP: 18/18 MP: 1/1
    51 | D:1      | Reached XP level 2. HP: 13/24 MP: 2/2
   292 | D:1      | Reached XP level 3. HP: 29/29 MP: 3/3
   548 | D:1      | Found a faded altar of an unknown god.
   710 | D:1      | Gained mutation: You are partially covered in iridescent
                  | scales. (AC +2) [potion of mutation]
   823 | D:2      | Reached skill level 1 in Dodging
   854 | D:2      | Reached XP level 4. HP: 34/36 MP: 4/4
  1442 | D:3      | Noticed Natasha
  1463 | D:3      | Reached XP level 5. HP: 15/42 MP: 5/5
  1470 | D:3      | Killed Natasha
  1698 | D:3      | Noticed Sigmund
  1710 | D:3      | Killed Sigmund
  1711 | D:3      | Reached skill level 5 in Armour
  1711 | D:3      | Reached skill level 5 in Shields
  1711 | D:3      | Reached XP level 6. HP: 41/48 MP: 6/6
  1781 | D:3      | Found Mifeimi's Antique Weapon Emporium.
  2085 | D:3      | Noticed Natasha
  2092 | D:3      | Killed Natasha
  2349 | D:4      | Found a shadowy altar of Dithmenos.
  2469 | D:4      | Reached XP level 7. HP: 50/55 MP: 7/7
  2500 | D:4      | Found a burning altar of Makhleb.
  2540 | D:4      | Noticed Dowan
  2541 | D:4      | Noticed Duvessa
  2547 | D:4      | Killed Dowan
  2554 | D:4      | HP: 1/55 [Duvessa/+4 short sword of flaming (2)]
  2555 | D:4      | Slain by Duvessa

Illustrated notes

Levels and vault maps discovered:
D:1:      nicolae_arrival_escape_room, layout_loops_cross,
          hellmonk_ecumenical_altar_zigzags
D:2:      layout_rooms
D:3:      layout_loops_corners, serial_shops, shop, hangedman_feature_mirror,
          uniq_sigmund, uniq_natasha
D:4:      layout_loops_cross, grunt_dithmenos_smoke_and_mirrors,
          mainiacjoe_overflow_catwalk, mainiacjoe_overflow_swirl, uniq_duvessa

Skill      XL: |  1  2  3  4  5 |
---------------+----------------+-----
Dodging        | 1 2 |  2.2
Armour         | 4 5 |  5.5
Fighting       | 4 |  4.4
Polearms       | 3 |  3.4
Shields        | 5 |  5.5

Action                     |  1- 3 |  4- 6 |  7- 9 || total
---------------------------+-------+-------+-------++-------
  Melee: Trident           |   102 |   178 |    10 ||   290
  Throw: Throwing net      |       |       |     1 ||     1
    Use: Potion            |     4 |     1 |     1 ||     6
         Scroll            |     3 |     3 |       ||     6
 Armour: Scale mail        |    49 |    25 |       ||    74
         Ring mail         |       |    47 |     4 ||    51
  Dodge: Dodged            |    70 |    95 |     8 ||   173
  Block: Buckler           |    34 |    35 |     2 ||    71

Table legend: (Time is in decaauts)
 A = Elapsed time spent in this place.
 B = Non-inter-level travel time spent in this place.
 C = Inter-level travel time spent in this place.
 D = Time resting spent in this place.
 E = Time spent auto-exploring this place.
 F = Levels seen in this place.
 G = Mean time per level.
                   A        B        C        D        E       F      G
               +--------+--------+--------+--------+--------+-----+--------+
         Total |   2613 |   2567 |     46 |      0 |   1956 |   4 |  653.2 |
       Dungeon |   2613 |   2567 |     46 |      0 |   1956 |   4 |  653.2 |
               +--------+--------+--------+--------+--------+-----+--------+

Top non-repeatable levels by time:
     D:3: 1129 daAuts
     D:1: 739 daAuts
     D:2: 495 daAuts
     D:4: 248 daAuts
